 Dungeon Crawl Stone Soup version 0.21.1-1-g345015fe64 (webtiles) character file.

49905 Oravi the Transmogrifier (level 14, -4/113 HPs)
             Began as a Merfolk Transmuter on May 7, 2018.
             Was a High Priest of Okawaru.
             Slain by a torpor snail (21 damage)
             ... on level 6 of the Lair of Beasts.
             The game lasted 01:58:56 (26311 turns).

Oravi the Transmogrifier (Merfolk Transmuter)      Turns: 26311, Time: 01:58:57

Health: -4/113     AC:  2    Str: 10    XL:     14   Next: 52%
Magic:  24/27      EV: 34    Int: 17    God:    Okawaru [*****.]
Gold:   1191       SH:  0    Dex: 20    Spells: 18/32 levels left

rFire    + . .     SeeInvis .     - Unarmed
rCold    . . .     Gourm    .   (shield currently unavailable)
rNeg     . . .     Faith    .   (armour currently unavailable)
rPois    .         Spirit   .   (helmet currently unavailable)
rElec    .         Reflect  .   (cloak currently unavailable)
rCorr    .         Harm     .   (gloves currently unavailable)
MR       +....                  (boots currently unavailable)
Stlth    ++........             (no amulet)
HPRegen  0.28/turn              t - ring of protection from fire
MPRegen  0.20/turn              W - ring of poison resistance

@: spider-form, finesse, slowed, very slow
A: tiny, (change form in water), (swift swim), (stealthy swim)
a: End Transformation, Heroism, Finesse, Renounce Religion


You were on level 6 of the Lair of Beasts.
You worshipped Okawaru.
Okawaru was extremely pleased with you.
You were hungry.
You were a venomous arachnid creature.
You visited 3 branches of the dungeon, and saw 20 of its levels.

You collected 1296 gold pieces.
You spent 105 gold pieces at shops.

Inventory:

Hand Weapons
 H - the +12 glaive of Prune {chop}
   (You found it on level 4 of the Lair of Beasts)

   It inflicts extra damage upon your enemies.
Armour
 u - the +0 pair of boots of Cegich (melded) {*Slow rElec rN+ Dex+4}
   (Okawaru gifted it to you on level 4 of the Lair of Beasts)

   It affects your dexterity (+4).
   It insulates you from electricity.
   It protects you from negative energy.
   It may slow you when you take damage.
 I - a +2 robe of magic resistance (melded)
 J - a +0 cloak (melded)
 K - a +2 helmet of see invisible (melded)
Magical Staves
 f - an uncursed staff of energy (melded)
 C - an uncursed staff of death
Jewellery
 t - a ring of protection from fire (left front leg)
 D - the amulet of the Air {Inacc +Fly rElec EV+5 RMsl}
   (You found it on level 4 of the Lair of Beasts)

   [amulet of inaccuracy]

   It reduces the accuracy of all your attacks.
   It affects your evasion (+5).
   It insulates you from electricity.
   It lets you fly.
   It protects you from missiles.
 N - an uncursed ring of protection from fire
 P - an uncursed ring of resist corrosion
 U - an uncursed amulet of magic regeneration {unknown}
 W - a ring of poison resistance (right front leg)
Wands
 q - a wand of acid (16)
 v - a wand of disintegration (17)
 y - a wand of paralysis (9)
 F - a wand of clouds (12)
 M - a wand of polymorph (9)
 Q - a wand of flame (106)
Scrolls
 c - a scroll of enchant armour
 e - 3 scrolls of blinking
 o - 9 scrolls of identify
 s - 7 scrolls of remove curse
 B - a scroll of magic mapping
 L - a scroll of fear
 O - a scroll of fog
 S - a scroll of brand weapon
 Y - a scroll of acquirement {unknown}
Potions
 b - a potion of mutation
 h - 8 potions of curing
 i - 2 potions of ambrosia
 k - 3 potions of brilliance
 l - 2 potions of might
 m - 2 potions of lignification
 n - 3 potions of flight
 p - 3 potions of cancellation
 w - 2 potions of berserk rage
 z - 3 potions of haste
 A - a potion of degeneration {unknown}
Books
 j - a book of Necromancy

   Spells                             Type                      Level
   a - Pain                           Necromancy                   1
   b - Animate Skeleton               Necromancy                   1
   c - Vampiric Draining              Necromancy                   3
   d - Regeneration                   Charms/Necromancy            3
   e - Animate Dead                   Necromancy                   4
   f - Borgnjor's Vile Clutch         Necromancy/Earth             5
 r - a book of Air

   Spells                             Type                      Level
   a - Shock                          Conjuration/Air              1
   b - Swiftness                      Charms/Air                   2
   c - Static Discharge               Conjuration/Air              3
   d - Airstrike                      Air                          4
   e - Lightning Bolt                 Conjuration/Air              5
Miscellaneous
 x - a sack of spiders
 E - a phantom mirror
 G - a phial of floods
 R - a crystal ball of energy
 V - a box of beasts
 X - a phial of floods
Comestibles
 d - 25 rations
 T - 5 chunks of flesh


   Skills:
 + Level 11.2 Fighting
 + Level 13.3 Dodging
 + Level 12.8 Unarmed Combat
 + Level 9.9 Spellcasting
 + Level 13.6 Transmutations
 - Level 5.0 Ice Magic
 - Level 3.0 Poison Magic
 + Level 6.8 Invocations


You had 18 spell levels left.
You knew the following spells:

 Your Spells              Type           Power        Failure   Level  Hunger
a - Spider Form           Tmut/Pois      #####.....   4%          3    None
b - Sticks to Snakes      Tmut           ######..     1%          2    None
c - Ice Form              Ice/Tmut       #####...     8%          4    ###....
d - Blade Hands           Tmut           ######....   4%          5    #####..


Dungeon Overview and Level Annotations

Branches:
Dungeon (13/15)            Temple (1/1) D:5            Lair (6/6) D:9
  Swamp (0/4) Lair:3        Snake (0/4) Lair:4        Slime (0/5) Lair:6
    Orc (0/2) D:9
 Vaults: D:13-14

Altars:
Ashenzari
Cheibriados
Dithmenos
Elyvilon
Fedhas
Gozag
Hepliaklqana
Kikubaaqudgha
Makhleb
Nemelex Xobeh
Okawaru
Qazlal
Ru
Sif Muna
Trog
Uskayaw
Vehumet
Wu Jian
Xom
Yredelemnul
Zin
The Shining One
Jiyva

Shops:
D:4 %   D:5 (   D:6 *   D:7 }   D:8 =   D:11 %

Portals:
Trove: D:11 (give 9 potions of agility)

Annotations:
D:9 2 transporters
Lair:6 2 runed doors


Message History

The hornet barely misses you. The tyrant leech bites you.
* * * LOW HITPOINT WARNING * * *
You feel as though you will be slow longer.
The tyrant leech draws strength from your injuries!
The torpor snail bites you!
* * * LOW HITPOINT WARNING * * *
The hornet barely misses you.
Casting: Blade Hands
Confirm with . or Enter, or press ? or * to list all spells.
You turn into a venomous arachnid creature.
Your uncursed staff of energy melds into your body.
Your +0 cloak melds into your body.
Your +2 helmet of see invisible melds into your body.
The +0 pair of boots of Cegich {*Slow rElec rN+ Dex+4} melds into your body.
Your +2 robe of magic resistance melds into your body.
You feel less perceptive.
You feel less resistant to hostile enchantments.
The hornet completely misses you. The tyrant leech completely misses you.
The torpor snail bites you!!
You die...

#.............
#..............
##.............
######.#####P#
### ### ###
##..# #. #..%.
## #$..w## #.
#..yys# #.
#..Pww## ##
#...## ##P #P.
##.. ## .# #...
#.. ###. ...#
## ....# #
P....# #


You could see a tyrant leech, 2 torpor snails and 2 hornets.

Vanquished Creatures
  6 hydras
  Harold (D:10)
  An ice dragon (Lair:6)
  5 two-headed ogres
  Erica (D:10)
  A queen ant (Lair:3)
  The ghost of Nattfarinn the Blocker, a novice GnFi of Okawaru (D:7)
  8 death yaks
  An unseen horror (D:12)
  5 lindwurms
  A necromancer (Lair:5)
  3 ugly things
  A deep elf mage (D:11)
  A guardian serpent (Lair:4)
  5 black mambas
  2 torpor snails (Lair:6)
  A gargoyle (D:11)
  5 komodo dragons
  10 spiny frogs
  4 rime drakes
  4 trolls
  A hornet (D:8)
  5 tyrant leeches
  7 blink frogs
  A polar bear (Lair:3)
  2 dream sheep (Lair:6)
  7 hippogriffs
  Sigmund (D:4)
  A shadow (D:11)
  A vampire (D:13)
  4 wyverns
  4 wraiths (D:11)
  21 yaks
  2 steam dragons
  A hungry ghost (D:12)
  Menkaure (D:5)
  8 soldier ants
  9 water moccasins
  Duvessa (D:5)
  8 porcupines
  A hornet zombie (D:10)
  4 ice beasts
  3 phantoms
  4 sky beasts
  3 ogres
  4 orc warriors
  A wolf (Lair:1)
  An elephant zombie (Lair:5)
  5 centaurs
  15 crocodiles
  4 big kobolds
  Blork the orc (D:6)
  9 bullfrogs
  A komodo dragon zombie (Lair:5)
  A wyvern skeleton (D:12)
  A wyvern zombie (D:12)
  Dowan (D:5)
  A scorpion (D:9)
  13 killer bees
  13 wights
  3 howler monkeys
  7 electric eels
  2 crimson imps
  A jelly (D:6)
  2 hounds
  2 basilisk zombies (Lair:5)
  4 bullfrog skeletons
  7 orc wizards
  Crazy Yiuf (D:5)
  A centaur skeleton (D:5)
  Jessica (D:3)
  6 iguanas
  Ijyb (D:5)
  Natasha (twice) (D:4)
  32 worker ants
  A hound zombie (D:9)
  2 hound skeletons
  A mummy (D:7)
  A howler monkey skeleton (D:10)
  10 adders
  3 gnolls (D:6)
  2 shadow imps (D:6)
  2 white imps (Lair:6)
  2 oozes
  3 adder zombies
  6 worms
  4 dart slugs
  9 leopard geckos
  24 orcs
  A ball python (D:1)
  5 giant cockroaches
  12 goblins
  10 hobgoblins
  10 jackals
  3 quokkas
  5 bats
  2 frilled lizards
  2 goblin zombies (D:7)
  17 kobolds
  A leopard gecko skeleton (D:4)
  7 rats
  2 plants (Lair:4)
457 creatures vanquished.

Vanquished Creatures (collateral kills)
  Josephine (D:11)
  A hydra (Lair:5)
  A death yak (Lair:2)
  Sonja (D:11)
  Maurice (D:11)
  A centaur skeleton (D:12)
  3 dream sheep (Lair:6)
  A wyvern skeleton (D:12)
  A shadow imp (D:12)
11 creatures vanquished.

Vanquished Creatures (others)
  The ghost of Thargor the Fighter, a journeyman DsBe of Trog (D:12)
  3 electric eels (D:12)
  13 fungi
  8 plants
25 creatures vanquished.

Grand Total: 493 creatures vanquished

Notes
Turn   | Place    | Note
-------+----------+-------------------------------------------
     0 | D:1      | Oravi the Merfolk Transmuter began the quest for the Orb.
     0 | D:1      | Reached XP level 1. HP: 15/15 MP: 3/3
   215 | D:1      | Reached XP level 2. HP: 20/21 MP: 3/5
   560 | D:1      | Reached XP level 3. HP: 19/26 MP: 4/6
   573 | D:1      | Learned a level 2 spell: Sticks to Snakes
   577 | D:1      | Learned a level 3 spell: Spider Form
  1285 | D:2      | Reached XP level 4. HP: 32/32 MP: 0/7
  1565 | D:2      | Reached skill level 5 in Unarmed Combat
  2276 | D:3      | Reached skill level 1 in Poison Magic
  2364 | D:3      | Reached XP level 5. HP: 28/37 MP: 5/8
  2426 | D:3      | HP: 1/37 [poisoned by an adder]
  2925 | D:3      | Found a deep blue altar of Sif Muna.
  2996 | D:3      | Noticed Jessica
  3007 | D:3      | Killed Jessica
  4067 | D:4      | Found a shimmering altar of Xom.
  4114 | D:4      | Reached XP level 6. HP: 39/43 MP: 2/9
  4318 | D:4      | Noticed Sigmund
  4344 | D:4      | Killed Sigmund
  4344 | D:4      | Reached XP level 7. HP: 16/48 MP: 1/11
  4872 | D:4      | Noticed Natasha
  4876 | D:4      | Killed Natasha
  4892 | D:4      | Found Kostras's Food Boutique.
  4914 | D:4      | Noticed Natasha
  4922 | D:4      | Killed Natasha
  4990 | D:5      | Entered Level 5 of the Dungeon
  5123 | D:5      | Noticed Menkaure
  5138 | D:5      | Killed Menkaure
  5138 | D:5      | Reached skill level 5 in Transmutations
  5372 | D:5      | Found a staircase to the Ecumenical Temple.
  5383 | Temple   | Entered the Ecumenical Temple
  5419 | Temple   | Became a worshipper of Warmaster Okawaru
  5481 | D:5      | Noticed Dowan
  5485 | D:5      | Noticed Duvessa
  5493 | D:5      | Killed Duvessa
  5494 | D:5      | Killed Dowan
  5560 | D:5      | Reached XP level 8. HP: 47/57 MP: 9/13
  5660 | D:5      | Noticed Ijyb
  5665 | D:5      | Killed Ijyb
  5711 | D:5      | Found Xyqeim's Antique Weapon Boutique.
  5839 | D:5      | Found a runed door.
  6085 | D:6      | Noticed Blork the orc
  6097 | D:6      | Killed Blork the orc
  6317 | D:6      | Reached * piety under Okawaru
  6413 | D:6      | Reached skill level 5 in Dodging
  6881 | D:6      | Found Cerigudda's Assorted Antiques.
  6889 | D:6      | Bought a scroll labeled EMEURIE ZEIKOT for 27 gold pieces
  6889 | D:6      | Bought a scroll of identify for 54 gold pieces
  6889 | D:6      | Bought a dark potion for 24 gold pieces
  7208 | D:6      | Reached XP level 9. HP: 57/65 MP: 13/15
  7487 | D:7      | Noticed Nattfarinn's ghost (novice GnFi)
  7995 | D:7      | Reached ** piety under Okawaru
  8044 | D:7      | HP: 3/66 [something (6)]
  8425 | D:7      | Found Ugargh's Gadget Shop.
  8721 | D:8      | Reached skill level 5 in Fighting
  8721 | D:8      | Reached skill level 5 in Spellcasting
  8863 | D:8      | Found Yxkargh's Jewellery Emporium.
  8971 | D:8      | Noticed a hornet
  8984 | D:8      | Killed a hornet
  8984 | D:8      | Reached *** piety under Okawaru
  9013 | D:8      | Noticed a two-headed ogre
  9287 | D:8      | Reached XP level 10. HP: 76/76 MP: 15/18
  9294 | D:8      | Learned a level 4 spell: Ice Form
  9302 | D:8      | Learned a level 5 spell: Blade Hands
  9338 | D:8      | Killed a two-headed ogre
  9741 | D:8      | Found a stormy altar of Qazlal.
  9945 | D:8      | Reached **** piety under Okawaru
  9945 | D:8      | Reached skill level 1 in Ice Magic
 10125 | D:9      | Found a staircase to the Lair.
 10125 | D:9      | Found a staircase to the Orcish Mines.
 10318 | D:9      | Found a transporter.
 10325 | D:9      | Found a transporter.
 10516 | D:9      | Noticed a two-headed ogre
 10525 | D:9      | Killed a two-headed ogre
 10788 | D:9      | Noticed a two-headed ogre
 10804 | D:9      | Killed a two-headed ogre
 10804 | D:9      | Reached ***** piety under Okawaru
 10804 | D:9      | Reached XP level 11. HP: 51/84 MP: 18/20
 11229 | D:10     | Entered Level 10 of the Dungeon
 11242 | D:10     | Noticed Erica
 11258 | D:10     | Killed Erica
 11258 | D:10     | Reached skill level 10 in Unarmed Combat
 11428 | D:10     | Noticed Harold
 11631 | D:10     | Reached skill level 10 in Transmutations
 12332 | D:10     | Killed Harold
 12332 | D:10     | Received a gift from Okawaru
 12819 | D:11     | Noticed a two-headed ogre
 12828 | D:11     | Killed a two-headed ogre
 12842 | D:11     | Noticed Maurice
 13206 | D:11     | Killed Maurice
 13302 | D:11     | Noticed Josephine
 13315 | D:11     | Killed Josephine
 13321 | D:11     | Reached skill level 5 in Ice Magic
 13326 | D:11     | Reached skill level 10 in Dodging
 13358 | D:11     | Found Roatt's Food Shoppe.
 13521 | D:11     | Noticed a two-headed ogre
 13539 | D:11     | Killed a two-headed ogre
 13796 | D:11     | Noticed Sonja
 13805 | D:11     | Killed Sonja
 13805 | D:11     | Reached XP level 12. HP: 37/94 MP: 9/23
 14142 | D:11     | Found a portal to a secret trove of treasure.
 15690 | D:12     | Received a gift from Okawaru
 15736 | D:12     | Killed Thargor's ghost
 17007 | D:13     | Reached skill level 1 in Invocations
 17011 | D:13     | Noticed a death knight
 17013 | D:13     | Noticed a two-headed ogre
 17193 | D:7      | Killed Nattfarinn's ghost
 17317 | D:5      | Noticed Crazy Yiuf
 17322 | D:5      | Killed Crazy Yiuf
 17441 | Lair:1   | Entered Level 1 of the Lair of Beasts
 18923 | Lair:2   | Noticed a seven-headed hydra
 19161 | Lair:2   | Killed a seven-headed hydra
 19342 | Lair:2   | Noticed a death yak
 19343 | Lair:2   | Noticed a death yak
 19374 | Lair:2   | Noticed a death yak
 19377 | Lair:2   | Killed a death yak
 19380 | Lair:2   | Noticed a death yak
 19381 | Lair:2   | Killed a death yak
 19381 | Lair:2   | Reached XP level 13. HP: 69/102 MP: 13/25
 19402 | Lair:2   | Received a gift from Okawaru
 19403 | Lair:2   | Found the +8 demon blade "Bloodbane" {slice, *Rage +Rage Stlth-}
 20286 | Lair:3   | Reached skill level 10 in Fighting
 20456 | Lair:3   | Found a staircase to the Swamp.
 20467 | Lair:3   | HP: 4/103 [tyrant leech (18)]
 20927 | Lair:3   | Received a gift from Okawaru
 20928 | Lair:3   | Got a warped hunting sling {god gift}
 22293 | Lair:4   | Found a staircase to the Snake Pit.
 22887 | Lair:4   | Reached skill level 5 in Invocations
 22902 | Lair:4   | Received a gift from Okawaru
 22903 | Lair:4   | Got a pair of jewelled boots {god gift}
 22914 | Lair:4   | Identified the +0 pair of boots of Cegich {*Slow rElec rN+ Dex+4} (Okawaru gifted it to you on level 4 of the Lair of Beasts)
 22953 | Lair:4   | Found the amulet of the Air {Inacc +Fly rElec EV+5 RMsl}
 23146 | Lair:4   | Found the +12 glaive of Prune {chop}
 24320 | Lair:5   | Reached XP level 14. HP: 85/111 MP: 23/27
 25246 | Lair:6   | Entered Level 6 of the Lair of Beasts
 25967 | Lair:6   | Found a runed door.
 26079 | Lair:6   | Noticed an acid blob
 26080 | Lair:6   | Noticed an acid blob
 26082 | Lair:6   | Noticed an acid blob
 26083 | Lair:6   | Found a viscous altar of Jiyva.
 26083 | Lair:6   | Found a staircase to the Slime Pits.
 26271 | Lair:6   | Found a runed door.
 26311 | Lair:6   | Slain by a torpor snail

Skill      XL: |  1  2  3  4  5  6  7  8  9 10 11 12 13 14 |
---------------+-------------------------------------------+-----
Transmutations | 3 4 5 6 8 9 10 12 13 | 13.6
Unarmed Combat | 4 5 6 7 8 9 10 11 12 | 12.8
Poison Magic   | 1 2 3 |  3.0
Dodging        | 3 5 7 8 10 11 12 13 | 13.3
Fighting       | 2 4 5 7 8 9 10 11 | 11.2
Spellcasting   | 3 4 5 6 7 8 9 |  9.9
Ice Magic      | 3 5 |  5.0
Invocations    | 3 5 6 |  6.8

Action                   |  1- 3 |  4- 6 |  7- 9 | 10-12 | 13-15 || total
-------------------------+-------+-------+-------+-------+-------++-------
Melee: Unarmed           |    98 |   177 |   301 |   560 |   433 ||  1569
       Headbutt          |    11 |       |       |       |       ||    11
       Punch             |       |       |     1 |     3 |    12 ||    16
       Staff             |       |       |       |       |    12 ||    12
 Cast: Beastly Appendage |     8 |       |       |       |       ||     8
       Spider Form       |     6 |    32 |    42 |    62 |    25 ||   167
       Sticks to Snakes  |       |     2 |     9 |    67 |    33 ||   111
       Blade Hands       |       |       |       |    11 |    35 ||    46
       Ice Form          |       |       |       |     3 |     4 ||     7
Invok: Heroism           |       |       |     3 |    16 |    17 ||    36
       Finesse           |       |       |       |       |     3 ||     3
 Abil: End Transformatio |       |       |       |     5 |    18 ||    23
       Evoke Flight      |       |       |       |       |     1 ||     1
Evoke: Wand              |       |       |       |     9 |    46 ||    55
  Use: Scroll            |       |     6 |    13 |     7 |     8 ||    34
       Potion            |       |     1 |     1 |       |     5 ||     7
 Stab: Sleeping          |     1 |     5 |     2 |     1 |       ||     9
       Distracted        |       |       |       |       |     2 ||     2
  Eat: Chunk             |     3 |    14 |    13 |    21 |    22 ||    73
       Ration            |       |       |     2 |     5 |     1 ||     8
Armor: Robe              |    21 |     1 |       |     9 |    23 ||    54
       Skin              |       |     4 |     6 |     9 |     8 ||    27
Dodge: Dodged            |    68 |   116 |   278 |   594 |   473 ||  1529
